 Dungeon Crawl Stone Soup version 0.31-a0-360-gb3e1d13bf4 (webtiles) character file.

Game seed: 435774852780391767

2132 lunkers the Martial Artist (level 9, -1/71 HPs)
             Began as a Meteoran Shapeshifter on July 26, 2023.
             Was a Priest of Okawaru.
             Slain by a steam dragon (6 damage)
             ... on level 6 of the Dungeon.
             The game lasted 00:09:17 (2935 turns).

lunkers the Martial Artist (Meteoran Shapeshifter)  Turns: 2935, Time: 00:09:18

Health: -1/71      AC:  8    Str: 22    XL:     9   Next: 85%
Magic:  0/13       EV: 14    Int: 10    God:    Okawaru [***...]
Gold:   287        SH:  0    Dex: 20    Spells: 8/8 levels left

rFire   . .          .
                       - Unarmed
rCold   + . .        (no shield)
rNeg    + . .        g - +3 ring mail {rC+}
rPois   .            (helmet currently unavailable)
rElec   .            (cloak currently unavailable)
rCorr   .            (gloves currently unavailable)
SInv    .            (boots currently unavailable)
Will    +....        l - amulet of guardian spirit
Stlth   +            r - ring of positive energy
HPRegen 0.31/turn    y - +6 ring of strength
MPRegen 0.13/turn

%: guardian spirit
@: beast-form, glowing
A: beast (slay +2), sense surroundings 2, otherworldly, glowing, explore regen
a: Begin Untransformation, Renounce Religion, Heroism


You were on level 6 of the Dungeon.
You worshipped Okawaru.
Okawaru was most pleased with you.
You were a hulking beast.
You visited 1 branch of the dungeon, and saw 6 of its levels.
You also visited: Ossuary.

You collected 287 gold pieces.

Inventory:

Armour
 a - a +0 buckler
 g - a +3 ring mail of cold resistance (worn)
 j - a +0 pair of boots
 o - a scarf of resistance
 q - a +2 pair of gloves
Jewellery
 l - an amulet of guardian spirit (around neck)
 p - a ring of see invisible
 r - a ring of positive energy (left hand)
 y - a +6 ring of strength (right hand)
Talismans
 c - a beast talisman
Wands
 k - a wand of paralysis (6)
Scrolls
 f - a scroll of revelation
 h - a scroll of teleportation
 m - a scroll of enchant armour
 t - a scroll of enchant weapon
Potions
 b - a potion of cancellation {unknown}
 d - 8 potions of curing
 e - 2 potions of invisibility
 n - a potion of heal wounds {unknown}
 s - a potion of enlightenment {unknown}
 u - a potion of haste {unknown}
 v - a potion of ambrosia {unknown}
 w - a potion of degeneration {unknown}
 x - 3 potions of mutation
 z - 2 potions of attraction


   Skills:
 + Level 4.0 Fighting
 + Level 5.0 Dodging
 + Level 12.7 Unarmed Combat
 - Level 4.0 Invocations
 - Level 3.6 Shapeshifting


You had 8 spell levels left.
You didn't know any spells.
Your spell library contained the following spells:

 Spells                   Type           Power      Damage    Failure   Level
 Portal Projectile        Hex/Tloc       0%         N/A       88%         3
 Iskenderun's Mystic Bla  Conj/Tloc      0%         2d3       99%         4
 Tukima's Dance           Hex            Unusable   N/A       N/A         3

Dungeon Overview and Level Annotations

Branches:
Dungeon (6/15) Zot: 1175  Ossuary (visited)
 Temple: D:4-7

Altars:
Okawaru
Trog


Innate Abilities, Weirdness & Mutations

You are a hulking beast.
Your limbs bulge with bestial killing power. (Slay +2)
You passively map the area around you.
You are easily found by Zot.
You glow in the dark.
You regain HP and MP as you explore.


Message History

Unknown command.
You punch the jelly!
Your hands burn!
* * * LOW HITPOINT WARNING * * *
The jelly is moderately wounded.
You are engulfed in a cloud of scalding steam.
* * * LOW HITPOINT WARNING * * *
You feel very sick. The jelly closely misses you. The steam dragon bites you.
* * * LOW HITPOINT WARNING * * *
The steam dragon claws you but does no damage.
Unknown command.
You punch the jelly!
Your hands burn!
* * * LOW HITPOINT WARNING * * *
The jelly is severely wounded.
You are engulfed in a cloud of scalding steam.
* * * LOW HITPOINT WARNING * * *
You feel sick. The steam dragon breathes steam at you.
The ball of steam hits you!!
* * * LOW MAGIC WARNING * * *
* * * LOW HITPOINT WARNING * * *
The jelly barely misses you.
Unknown command.
You feel better. The steam dragon closely misses you.
The steam dragon claws you but does no damage.
The jelly hits you but does no damage.
You pummel the jelly!!
You kill the jelly!
Okawaru accepts your kill. The steam dragon bites you.
* * * LOW HITPOINT WARNING * * *
The steam dragon claws you.
* * * LOW MAGIC WARNING * * *
* * * LOW HITPOINT WARNING * * *
Your Dodging skill increases to level 5!
You pummel the steam dragon!!
The steam dragon is severely wounded.
The steam dragon bites you!
* * * LOW MAGIC WARNING * * *
You die...

################
........>......#
##############.###
,, ,#...# # ***
*###+#.#.# . , ,
.......h#* * # ##
......D.†......,,
#.. ,
##............., ,
#.### *,
#............. ,
#...#
#............., *
....# *
#......#+##... *
....#+#, *#.....$#
... .#.....
#......#, ,..
......., , ,*,* ,


You could see a steam dragon (catching breath).

Vanquished Creatures
  Menkaure (D:4)
  2 water moccasins
  An ice beast (D:5)
  An ogre (D:6)
  3 phantoms
  A bullfrog (D:6)
  10 scorpions
  2 centaur zombies (Ossuary)
  2 hounds
  2 human zombies (Ossuary)
  An orc priest (D:3)
  2 jellies (D:6)
  4 iguanas
  A sleepcap (D:5)
  3 scorpion zombies (Ossuary)
  3 orc wizards
  3 mummies (Ossuary)
  5 adders
  2 ufetubi
  A worm (D:3)
  3 dart slugs
  9 orcs
  8 endoplasms
  2 giant cockroaches
  2 gnoll zombies (Ossuary)
  6 goblins
  7 hobgoblins
  6 jackals
  3 kobolds
  4 quokkas
  4 ball pythons
  6 bats
  5 frilled lizards
  2 goblin zombies (Ossuary)
  3 hobgoblin zombies (Ossuary)
  4 kobold zombies (Ossuary)
  3 orc zombies (Ossuary)
  4 rats
131 creatures vanquished.

Notes
Turn   | Place    | Note
-------+----------+-------------------------------------------
     0 | D:1      | lunkers the Meteoran Shapeshifter began the quest for the
                  | Orb.
     0 | D:1      | Reached XP level 1. HP: 16/16 MP: 2/2
   107 | D:1      | Reached skill level 4 in Unarmed Combat
   108 | D:1      | Reached XP level 2. HP: 10/23 MP: 3/3
   195 | D:1      | Reached XP level 3. HP: 28/28 MP: 4/4
   305 | D:1      | Reached skill level 5 in Unarmed Combat
   513 | D:2      | Reached XP level 4. HP: 27/35 MP: 5/5
   867 | D:3      | Reached skill level 6 in Unarmed Combat
   867 | D:3      | Reached XP level 5. HP: 37/40 MP: 6/6
   891 | D:3      | Noticed a phantom
   911 | D:3      | Killed a phantom
   912 | D:3      | Reached skill level 7 in Unarmed Combat
   912 | D:3      | Reached XP level 6. HP: 40/47 MP: 7/7
  1015 | D:3      | Found an iron altar of Okawaru.
  1028 | D:3      | Became a worshipper of Warmaster Okawaru
  1224 | D:3      | Reached skill level 1 in Invocations
  1431 | D:4      | Reached skill level 8 in Unarmed Combat
  1507 | D:4      | Reached XP level 7. HP: 46/52 MP: 6/9
  1588 | D:4      | Found a sand-covered staircase.
  1594 | Ossuary  | Entered an ossuary
  1683 | Ossuary  | Reached skill level 9 in Unarmed Combat
  1692 | Ossuary  | Reached * piety under Okawaru
  1753 | Ossuary  | Reached XP level 8. HP: 32/59 MP: 10/12
  1783 | Ossuary  | Reached skill level 10 in Unarmed Combat
  1873 | Ossuary  | Reached ** piety under Okawaru
  1874 | Ossuary  | Reached skill level 11 in Unarmed Combat
  2184 | D:4      | Noticed Menkaure
  2190 | D:4      | Killed Menkaure
  2191 | D:4      | Gained mutation: You passively map the area around you.
                  | [Meteoran growth]
  2191 | D:4      | Reached XP level 9. HP: 60/64 MP: 13/13
  2207 | D:5      | Entered Level 5 of the Dungeon
  2207 | D:5      | Found a bloodstained altar of Trog.
  2396 | D:5      | Reached skill level 12 in Unarmed Combat
  2713 | D:6      | Reached *** piety under Okawaru
  2932 | D:6      | HP: 1/71 [steam dragon/ball of steam (16)]
  2935 | D:6      | Reached skill level 5 in Dodging
  2935 | D:6      | Slain by a steam dragon

Illustrated notes

Levels and vault maps discovered:
D:1:      dpeg_arrival_lava_temple_mockup, layout_rooms, minmay_domino_2
D:2:      cheibrodos_old_hovel, layout_basic
D:3:      layout_basic, kennysheep_okawaru_gauntlet,
          nicolae_gozag_zags_fifth_avenue
D:4:      layout_basic, nicolae_ossuary_entry_plus, uniq_menkaure
D:5:      layout_loops_ring, lemuel_crystal_altar
D:6:      layout_basic, general_overflow_altar, minmay_temple_entry_fiery

Skill      XL: |  1  2  3  4  5  6  7  8  9 |
---------------+----------------------------+-----
Unarmed Combat | 4 5 6 7 8 9 11 12 | 12.7
Invocations    | 2 4 |  4.0
Dodging        | 5 |  5.0
Fighting       | 4 |  4.0
Shapeshifting  | |  3.6

Action                     |  1- 3 |  4- 6 |  7- 9 || total
---------------------------+-------+-------+-------++-------
  Melee: Unarmed           |    64 |   117 |   244 ||   425
         Punch             |       |     5 |    14 ||    19
    Use: Scroll            |       |       |    12 ||    12
         Potion            |       |       |     3 ||     3
 Armour: Animal skin       |     2 |       |       ||     2
         Ring mail         |    25 |    55 |    87 ||   167
         Skin              |       |       |     5 ||     5
  Dodge: Dodged            |    32 |    47 |   110 ||   189

Table legend: (Time is in decaauts)
 A = Elapsed time spent in this place.
 B = Non-inter-level travel time spent in this place.
 C = Inter-level travel time spent in this place.
 D = Time resting spent in this place.
 E = Time spent auto-exploring this place.
 F = Levels seen in this place.
 G = Mean time per level.
                   A        B        C        D        E       F      G
               +--------+--------+--------+--------+--------+-----+--------+
         Total |   2863 |   2770 |     93 |    101 |   1543 |   7 |  409.0 |
       Dungeon |   2424 |   2331 |     93 |      0 |   1520 |   6 |  404.0 |
       Ossuary |    439 |    439 |      0 |    101 |     23 |   1 |  439.0 |
               +--------+--------+--------+--------+--------+-----+--------+

Top non-repeatable levels by time:
     D:3: 487 daAuts
     D:1: 482 daAuts
     D:5: 446 daAuts
 Ossuary: 439 daAuts
     D:4: 400 daAuts
     D:2: 348 daAuts
     D:6: 259 daAuts
